 Dungeon Sprint DCSS version 0.30.0-15-g856e2d3f33 (webtiles) character file.

Game seed: 10948239684584641551

14577 Groucho the Marksspriggan (level 11, -1/66 HPs)
             Began as a Spriggan Hunter on May 19, 2023.
             Was the Champion of Dithmenos.
             Killed from afar by a deep elf knight (26 damage)
             ... with a lance of force
             ... in the Dungeon (Sprint VII: "The Pits").
             The game lasted 00:22:59 (7631 turns).

Groucho the Marksspriggan (Spriggan Hunter)         Turns: 7631, Time: 00:22:59

Health: -1/66      AC:  6    Str:  7    XL:     11   Next: 90%
Magic:  20/20      EV: 38    Int: 14    God:    Dithmenos [******]
Gold:   32         SH:  0    Dex: 23    Spells: 10/10 levels left

rFire   . . .        c - +0 arbalest
rCold   . . .        (shield currently unavailable)
rNeg    . . .        j - +0 steam dragon scales
rPois   .            (helmet restricted)
rElec   .            o - +0 cloak
rCorr   .            (gloves unavailable)
SInv    +            (boots unavailable)
Will    +....        (no amulet) Stlth **++++++++
                     m - +3 ring of evasion
HPRegen 0.31/turn    n - +3 ring of intelligence
MPRegen 0.17/turn

%: no teleportation
@: wreathed by umbra, studying Air Magic, very quick
A: very small, no large weapons, unfitting armour, see invisible, speed 3
a: Renounce Religion, Shadow Step, Shadow Form


You were in the Dungeon.
You worshipped Dithmenos.
Dithmenos was exalted by your worship.
You visited 1 branch You collected 32 gold pieces.

Inventory:

Hand Weapons
 c - a +0 arbalest (weapon)
Armour
 j - +0 steam dragon scales (worn)
 o - a +0 cloak (worn)
Jewellery
 m - a +3 ring of evasion (left hand)
 n - a +3 ring of intelligence (right hand)
 r - a ring of fire
 s - a ring of willpower
 u - a ring of protection from cold
Wands
 f - a wand of flame (16)
Scrolls
 b - a scroll of immolation
 e - a scroll of magic mapping
 k - 5 scrolls of amnesia
 l - a scroll of summoning
 t - 2 scrolls of identify
 v - 2 scrolls of enchant armour
 w - 4 scrolls of enchant weapon
 y - a scroll of blinking
 z - 2 scrolls of fog
 A - a scroll of fear
Potions
 a - a potion of cancellation
 d - 6 potions of curing
 g - 4 potions of magic
 h - 5 potions of berserk rage
 i - 2 potions of haste
 p - 3 potions of brilliance
 q - a potion of might
 x - 3 potions of heal wounds
 B - a potion of resistance


   Skills:
 + Level 11.7 Fighting
 * Level 19.2 Ranged Weapons
 + Level 17.7 Dodging
 - Level 14.0 Stealth
 + Level 11.4 Invocations


You had 10 spell levels left.
You didn't know any spells.
Your spell library was empty.

Dungeon Overview and Level Annotations

Branches:
Dungeon (1/1)

Altars:
Ashenzari
Cheibriados
Dithmenos
Elyvilon
Fedhas
Gozag
Hepliaklqana
Kikubaaqudgha
Makhleb
Nemelex Xobeh
Okawaru
Qazlal
Ru
Sif Muna
Trog
Uskayaw
Vehumet
Wu Jian
Xom
Yredelemnul
Zin
The Shining One
Jiyva
Lugonu


Innate Abilities, Weirdness & Mutations

You are very small and have problems with some larger weapons.
You are too small for most types of armour.
You have supernaturally acute eyesight. (SInv)
You cover ground extremely quickly. (Speed+++)


Message History

Unknown command.
You feel much better.
The deep elf zephyrmancer casts a spell at you.
The bolt of lightning misses you.
The deep elf knight unwields a +0 shortbow.
The deep elf knight wields a +0 short sword.
The deep elf knight hits you with a +0 short sword!
* * * LOW HITPOINT WARNING * * *
You emit a cloud of dark smoke.
Unknown command.
You feel much better.
The deep elf knight points at you and mumbles some strange words.
The lance of force misses you.
The deep elf zephyrmancer completely misses you.
Unknown command.
Unknown command.
You are too injured to fight recklessly!
You are too injured to fight recklessly!
Unknown command.
Fire: c) +0 arbalest
Press: ? - help, Q - select action, (/) - cycle Shift-Dir - straight line, f - deep elf knight
Aim: a deep elf knight, wielding a +0 short sword and wearing a +0 leather armour (black smoke, fast, umbra, 55% to hit)
You shoot a bolt. The bolt hits the deep elf knight!!!
The deep elf knight is almost dead.
Your shadow shoots a bolt.
The bolt barely misses the deep elf knight.
The deep elf knight gestures at you while chanting.
The shard of ice misses you.
The deep elf zephyrmancer closely misses you.
The deep elf knight closely misses you.
Unknown command.
Unknown command.
Fire: c) +0 arbalest
Press: ? - help, Q - select action, (/) - cycle Shift-Dir - straight line, f/p - deep elf knight
Aim: a deep elf knight, wielding a +0 short sword and wearing a +0 leather armour (black smoke, almost dead, fast, umbra, 55% to hit)
You shoot a bolt. The bolt hits the deep elf knight.
The deep elf knight is almost dead.
The deep elf knight gestures at you while chanting.
The lance of force hits you!!
You die...

#.#..[)))..##.......###.)###)###.
#'###########.......##..##.....##
#)e#.#.##..###########..'.......'
#..)....#.############..##.....##
##)#.#.##)#....#...[###..###'###.
#..)....#'#....#..[[# ##.........
##.#.#.##.e....§§§§)###...##'##..
#.......#'#....#ee§)##...##...##.
##.#.#..+.#....#@§§)##..###...###
######################## ##### #


You could see a deep elf knight (fast) and a deep elf zephyrmancer.

Vanquished Creatures
  An emperor scorpion (D)
  A minotaur (D)
  A merfolk javelineer (D)
  An orc high priest (D)
  A deep elf knight (D)
  A sea snake (D)
  A deep elf pyromancer (D)
  A deep elf zephyrmancer (D)
  A phantasmal warrior (D)
  2 cyclopes (D)
  A black mamba (shapeshifter) (D)
  A smoke demon (D)
  A gargoyle (D)
  A demonic crawler (D)
  2 cane toads (D)
  An orange demon (D)
  An unseen horror (D)
  A yaktaur (D)
  2 ice devils (D)
  3 tyrant leeches (D)
  3 merfolk (D)
  Grinder (D)
  A hornet (D)
  A wind drake (D)
  A jumping spider (shapeshifter) (D)
  A flying skull (D)
  A wraith (D)
  A ynoxinul (D)
  A fire bat (D)
  6 yaks (D)
  A steam dragon (D)
  2 wargs (D)
  An acid dragon (D)
  A floating eye (D)
  A sky beast (D)
  5 orc warriors (D)
  A black bear (D)
  2 centaurs (D)
  4 wolves (D)
  Blork the orc (D)
  A bullfrog (D)
  A scorpion (D)
  5 killer bees (D)
  4 orc priests (D)
  A jelly (D)
  2 orc wizards (D)
  2 gnolls (D)
  An adder (D)
  A river rat (D)
  A white imp (D)
  An ufetubus (D)
  9 orcs (D)
  A bat skeleton (D)
  A giant cockroach (D)
  4 jackals (D)
  A quokka (D)
  A ball python skeleton (D)
  A bat (D)
  2 kobolds (D)
101 creatures vanquished.

Notes
Turn   | Place    | Note
-------+----------+-------------------------------------------
     0 | D        | Groucho the Spriggan Hunter began the quest for the Orb.
     0 | D        | Reached XP level 1. HP: 10/10 MP: 2/2
    16 | D        | Noticed an orange demon
    66 | D        | Reached skill level 5 in Ranged Weapons
    66 | D        | Reached XP level 2. HP: 12/15 MP: 3/3
   287 | D        | Found a bloodstained altar of Trog.
   287 | D        | Found a shimmering blue altar of Sif Muna.
   287 | D        | Found a viscous altar of Jiyva.
   287 | D        | Found a hazy altar of Hepliaklqana.
   287 | D        | Found an opulent altar of Gozag.
   288 | D        | Found a glowing golden altar of the Shining One.
   288 | D        | Found a glowing silver altar of Zin.
   288 | D        | Found a basalt altar of Yredelemnul.
   288 | D        | Found a shimmering altar of Xom.
   288 | D        | Found an ornate altar of the Wu Jian Council.
   288 | D        | Found a sacrificial altar of Ru.
   288 | D        | Found a stormy altar of Qazlal.
   288 | D        | Found an iron altar of Okawaru.
   288 | D        | Found a sparkling altar of Nemelex Xobeh.
   288 | D        | Found a burning altar of Makhleb.
   288 | D        | Found a blossoming altar of Fedhas.
   288 | D        | Found a white marble altar of Elyvilon.
   288 | D        | Found a shadowy altar of Dithmenos.
   288 | D        | Found a snail-covered altar of Cheibriados.
   291 | D        | Found a corrupted altar of Lugonu.
   291 | D        | Found a radiant altar of Vehumet.
   292 | D        | Found an ancient bone altar of Kikubaaqudgha.
   292 | D        | Found a hide-covered altar of Uskayaw.
   292 | D        | Found a broken altar of Ashenzari.
   298 | D        | Became a worshipper of Dithmenos the Shadowed
   528 | D        | Reached * piety under Dithmenos
   533 | D        | Noticed a floating eye
   537 | D        | Killed a floating eye
   537 | D        | Reached ** piety under Dithmenos
   538 | D        | Reached skill level 7 in Ranged Weapons
   538 | D        | Reached XP level 3. HP: 21/21 MP: 4/4
   538 | D        | Reached XP level 4. HP: 25/25 MP: 5/5
   540 | D        | Noticed a wolf
   540 | D        | Noticed a scorpion
   560 | D        | Killed a wolf
   561 | D        | Reached skill level 8 in Ranged Weapons
   561 | D        | Reached XP level 5. HP: 19/30 MP: 6/6
   598 | D        | Reached skill level 9 in Ranged Weapons
   598 | D        | Reached XP level 6. HP: 15/35 MP: 7/7
   947 | D        | Noticed Blork the orc
   949 | D        | Reached *** piety under Dithmenos
   986 | D        | Reached skill level 5 in Fighting
  1004 | D        | Killed Blork the orc
  1011 | D        | Reached skill level 10 in Ranged Weapons
  1012 | D        | Reached **** piety under Dithmenos
  1222 | D        | Reached ***** piety under Dithmenos
  1226 | D        | Reached skill level 10 in Stealth
  1250 | D        | Reached XP level 7. HP: 39/39 MP: 8/8
  1267 | D        | Noticed an ice devil
  1314 | D        | Killed an ice devil
  1315 | D        | Reached skill level 11 in Ranged Weapons
  1315 | D        | Reached skill level 10 in Dodging
  1658 | D        | Reached ****** piety under Dithmenos
  1700 | D        | Reached skill level 1 in Invocations
  1745 | D        | Noticed Grinder
  1768 | D        | Killed Grinder
  1769 | D        | Reached skill level 12 in Ranged Weapons
  1769 | D        | Reached XP level 8. HP: 45/45 MP: 8/10
  1802 | D        | Noticed a cane toad
  1864 | D        | Killed a cane toad
  2342 | D        | Noticed an ice devil
  2422 | D        | Killed an ice devil
  2480 | D        | Killed an orange demon
  2481 | D        | Reached skill level 13 in Ranged Weapons
  2481 | D        | Reached XP level 9. HP: 51/51 MP: 11/13
  2634 | D        | Noticed a smoke demon
  2858 | D        | Killed a smoke demon
  3162 | D        | Reached skill level 5 in Invocations
  3207 | D        | Noticed a tyrant leech
  3240 | D        | Noticed a deep elf pyromancer
  3274 | D        | Killed a deep elf pyromancer
  3275 | D        | Reached skill level 14 in Ranged Weapons
  3303 | D        | Noticed a cyclops
  3323 | D        | Killed a cyclops
  3353 | D        | Killed a tyrant leech
  3369 | D        | Noticed a cyclops
  3372 | D        | Noticed a tyrant leech
  3423 | D        | Reached XP level 10. HP: 57/57 MP: 16/16
  3552 | D        | Reached skill level 15 in Ranged Weapons
  3595 | D        | Killed a cyclops
  3881 | D        | Noticed a gargoyle
  4019 | D        | Noticed a sea snake
  4107 | D        | Killed a sea snake
  4185 | D        | Killed a gargoyle
  4186 | D        | Reached skill level 16 in Ranged Weapons
  4255 | D        | Noticed a cane toad
  4257 | D        | Noticed a minotaur
  4263 | D        | a culicivora changed into a swamp dragon
  4263 | D        | Noticed a swamp dragon (shapeshifter)
  4266 | D        | Killed a cane toad
  4757 | D        | Reached skill level 15 in Dodging
  4855 | D        | Killed a minotaur
  4856 | D        | Reached skill level 10 in Fighting
  5082 | D        | Noticed a phantasmal warrior
  5101 | D        | Killed a phantasmal warrior
  5326 | D        | Reached skill level 17 in Ranged Weapons
  5326 | D        | Reached XP level 11. HP: 31/64 MP: 18/18
  6071 | D        | Noticed an emperor scorpion
  6508 | D        | Killed an emperor scorpion
  6509 | D        | Reached skill level 10 in Invocations
  6918 | D        | Noticed a merfolk javelineer
  6933 | D        | Reached skill level 18 in Ranged Weapons
  6936 | D        | Killed a merfolk javelineer
  7274 | D        | Noticed an orc high priest
  7274 | D        | Noticed a deep elf zephyrmancer
  7310 | D        | Killed an orc high priest
  7314 | D        | Killed a deep elf zephyrmancer
  7467 | D        | Reached skill level 19 in Ranged Weapons
  7468 | D        | Noticed a deep elf knight
  7469 | D        | Noticed a deep elf knight
  7619 | D        | Noticed a deep elf zephyrmancer
  7627 | D        | Killed a deep elf knight
  7631 | D        | Killed from afar by a deep elf knight

Illustrated notes

Levels and vault maps discovered:
D:        pitsprint [storerooms_1, entrance_room_1, metal_vault_5, armoury_1,
          mini_pit_1, grid_room_1, main_hall_1, silver_pit, the_coven_1,
          the_vestibule_1, steel_vault_1, golden_pit, hallway_of_sentries,
          crystal_vault_2, iron_vault_1, final_vault]

Skill      XL: |  1  2  3  4  5  6  7  8  9 10 11 |
---------------+----------------------------------+-----
Fighting       | 2 3 4 5 6 7 8 10 11 | 11.7
Ranged Weapons | 5 7 8 9 10 12 13 14 17 19 | 19.2
Dodging        | 3 6 7 9 10 12 13 15 17 | 17.7
Stealth        | 6 7 8 10 12 13 14 | 14.0
Invocations    | 2 4 6 9 11 | 11.4

Action                     |  1- 3 |  4- 6 |  7- 9 | 10-12 || total
---------------------------+-------+-------+-------+-------++-------
   Fire: Shortbow          |    21 |    59 |   216 |   182 ||   478
         Arbalest          |       |       |       |   175 ||   175
  Evoke: Wand              |       |       |       |     1 ||     1
    Use: Potion            |       |     3 |     7 |     9 ||    19
         Scroll            |       |       |       |     1 ||     1
 Armour: Robe              |       |     1 |     2 |       ||     3
         Steam dragon scal |       |       |       |     5 ||     5
  Dodge: Dodged            |     7 |    16 |    53 |   184 ||   260
